Sasquatch vs Staline

Created - March 12, 2018 at 19:07

Goals
1 2 3 T
Sasquatch 1 1 1 3
Staline 2 1 2 5
Shots
1 2 3 T
Sasquatch 15 13 12 40
Staline 15 12 10 37

1st period

1. Staline , James Sheppard 9 (Mike Reilly 7) at 2:06
2. Staline , Dustin Kohn 8 (Corey Trivino 19) at 12:28
3. Sasquatch , Matt Halischuk 17 (Nick Bjugstad 38, Matt Taormina 15) at 18:16

Penalties :
No Penalty

2nd period

4. Staline , Jordan Szwarz 16 (Marek Zagrapan 20, Mike Reilly 8) at 11:45
5. Sasquatch , Melker Karlsson 20 (Brock Trotter 26, Brandon Gormley 34) at 18:34

Penalties :
Brock Trotter (Gat) for Roughing (Minor) at 2:22

3rd period

6. Staline , Lars Eller 30 (Nick Spaling 25, Dustin Kohn 54) at 1:13 (PP)
7. Sasquatch , Nick Bjugstad 29 (Matt Halischuk 26, Brandon Gormley 35) at 5:01
8. Staline , Nick Spaling 20 (Lars Eller 52, Tyler Pitlick 29) at 18:21

Penalties :
Nick Leddy (Gat) for Kneeing (Minor) at 0:43, Jordan Szwarz (StJ) for Slashing (Minor) at 6:06, Drew Shore (Gat) for Holding (Minor) at 11:43, Mike Reilly (StJ) for Holding (Minor) at 18:43

Goalie Stats

Corey Crawford (Gat), 32 saves from 37 shots - (0.865), L, 29-13-4, 60:00 minutes
Allen York (StJ), 37 saves from 40 shots - (0.925), W, 29-14-6, 60:00 minutes

Players Stats for Sasquatch

Player Name              G  A  P  +/- PIM S  H  SB GA TA FO     MP     PP MP  PK MP  
------------------------------------------------------------------------------------
Brandon Gormley          0  2  2   2  0   1  0  2  0  2  0/0    18:24   1:14   1:27 
Brock Trotter            0  1  1   1  2   2  2  1  0  1  0/0    12:22   0:00   0:44 
Drew Shore               0  0  0  -2  2   3  1  0  3  0  17/36  21:08   1:58   1:38 
Filip Forsberg           0  0  0  -2  0   4  3  0  0  0  0/0    19:13   1:58   0:00 
Jason Akeson             0  0  0  -2  0   3  2  0  0  0  3/4    19:13   1:58   0:00 
Jason Zucker             0  0  0   0  0   2  0  2  0  0  0/0    16:49   1:17   0:32 
Lauri Tukonen            0  0  0   1  0   2  2  1  0  0  1/1    14:20   0:00   2:50 
Martin Marincin          0  0  0  -3  0   1  0  0  0  0  0/0    15:57   0:00   3:01 
Matt Halischuk           1  1  2   0  0   2  1  0  0  1  0/1    14:59   0:00   0:22 
Matt Taormina            0  1  1   2  0   2  0  1  0  0  0/0    24:19   1:14   3:01 
Melker Karlsson          1  0  1   1  0   2  1  0  0  0  1/5    10:39   0:00   0:00 
Nick Bjugstad            1  1  2   0  0   5  1  1  1  0  7/14   16:25   1:17   0:12 
Nick Leddy               0  0  0   0  2   2  0  0  0  0  0/0    21:35   2:01   0:00 
Patrick Wey              0  0  0   0  0   2  1  1  0  0  0/0    23:36   2:01   1:27 
Petr Straka              0  0  0   0  0   0  0  0  0  0  0/0    10:01   1:17   0:00 
Sergey Kalinin           0  0  0   0  0   2  1  1  0  0  3/3     9:35   0:00   1:15 
Slava Voynov             0  0  0  -3  0   1  0  1  0  1  0/0    16:08   0:00   0:00 
Teemu Hartikainen        0  0  0   0  0   4  1  0  0  0  0/1    10:46   0:00   1:23 

Players Stats for Staline

Player Name              G  A  P  +/- PIM S  H  SB GA TA FO     MP     PP MP  PK MP  
------------------------------------------------------------------------------------
Andrey Pedan             0  0  0  -2  0   0  1  0  0  0  0/0    13:03   0:00   0:00 
Barclay Goodrow          0  0  0   0  0   0  0  0  0  0  0/0     0:00   0:00   0:00 
Brock Nelson             0  0  0  -1  0   3  1  1  0  0  0/1    17:27   1:44   1:53 
Bryan Bickell            0  0  0   0  0   1  0  1  0  0  0/0     9:07   0:00   0:45 
Charles Hudon            0  0  0   0  0   0  0  0  0  0  0/0     0:42   0:00   0:42 
Corey Trivino            0  1  1   0  0   0  1  1  0  0  1/2     8:22   0:00   0:00 
Danny Kristo             0  0  0   0  0   0  1  0  0  0  0/0     8:22   0:00   0:00 
David Desharnais         0  0  0  -1  0   2  3  0  0  0  8/9    16:08   1:44   0:37 
David Musil              0  0  0   0  0   0  0  0  0  0  0/0     4:35   0:00   0:00 
Dustin Kohn              1  1  2   0  0   8  1  2  1  0  0/0    29:12   2:54   2:00 
James Sheppard           1  0  1   1  0   2  3  1  1  1  0/0    11:49   0:00   0:00 
Jiri Sekac               0  0  0   0  0   0  0  0  0  0  0/0     0:00   0:00   0:00 
Jordan Caron             0  0  0  -1  0   1  0  0  1  0  0/2    15:31   1:44   0:00 
Jordan Szwarz            1  0  1   1  2   7  0  0  0  0  0/0    11:51   0:00   0:00 
Lars Eller               1  1  2   1  0   3  3  2  1  0  19/38  21:37   2:44   0:37 
Marek Zagrapan           0  1  1   1  0   2  0  0  0  0  3/6    11:49   0:00   0:00 
Mike Reilly              0  2  2   3  2   0  0  1  0  1  0/0    17:10   1:34   0:41 
Nick Spaling             1  1  2   1  0   5  1  0  0  1  1/5    22:56   2:44   1:53 
Nikita Nesterov          0  0  0  -2  0   0  1  0  0  0  0/0    13:37   0:00   0:34 
Peter Holland            0  0  0   0  0   0  0  0  0  0  0/0     0:03   0:00   0:03 
Philip Larsen            0  0  0   0  0   2  2  2  1  1  0/0    24:37   2:54   2:00 
Tyler Pitlick            0  1  1   1  0   1  2  2  0  0  1/2    21:00   2:44   0:00 
Viktor Loov              0  0  0   3  0   0  2  1  0  0  0/0    17:45   1:34   1:15 

3 Stars

1 - Lars Eller (StJ)
2 - Nick Spaling (StJ)
3 - Dustin Kohn (StJ)

Power Play

Sasquatch - 0 on 2 Attempt(s) - 0.00%
Staline - 1 on 3 Attempt(s) - 33.33%

Penalty Kill

Sasquatch - 2 on 3 Attempt(s) - 66.67% - Score 0 goal in Penalty Kill
Staline - 2 on 2 Attempt(s) - 100.00% - Score 0 goal in Penalty Kill

Team Stat

Sasquatch - Hits : 16 - Faceoff Wins : 32 - Blocked Shots : 11 - Penalty Minutes : 6
Staline - Hits : 22 - Faceoff Wins : 33 - Blocked Shots : 14 - Penalty Minutes : 4

Official

Referees : Walkom Stephen and Pochmara Brian
Linesman : Darren Gibbs and Thor Nelson

Game Notes

No Game Note

Finance

Level 1 -- Attendance: 1455 (72.75%) -- Ticket Income $58,200
Level 2 -- Attendance: 796 (79.60%) -- Ticket Income $15,920
Total Attendance: 2251 (75.03%)
Total Ticket Income: $74,120
Other Income: $3,706
Total Income: $77,826

Sasquatch

5 vs 5 Forward 
   Center                   Left Wing                Right Wing               Time % Phy DF OF 
 1 Drew Shore               Filip Forsberg           Jason Akeson             40     1   2  2  
 2 Nick Bjugstad            Jason Zucker             Matt Halischuk           30     1   2  2  
 3 Melker Karlsson          Brock Trotter            Lauri Tukonen            20     1   2  2  
 4 Sergey Kalinin           Teemu Hartikainen        Petr Straka              10     1   2  2  

5 vs 5 Defense 
   Defense                  Defense                                           Time % Phy DF OF 
 1 Patrick Wey              Nick Leddy                                        40     1   2  2  
 2 Brandon Gormley          Matt Taormina                                     30     1   2  2  
 3 Martin Marincin          Slava Voynov                                      20     1   2  2  
 4 Slava Voynov             Matt Taormina                                     10     1   2  2  

PowerPlay Forward 
   Center                   Left Wing                Right Wing               Time % Phy DF OF 
 1 Drew Shore               Filip Forsberg           Jason Akeson             60     1   2  2  
 2 Nick Bjugstad            Jason Zucker             Petr Straka              40     1   2  2  

PowerPlay Defense
   Defense                  Defense                                           Time % Phy DF OF 
 1 Nick Leddy               Patrick Wey                                       60     1   2  2  
 2 Brandon Gormley          Matt Taormina                                     40     1   2  2  

Penalty Kill 4 Players Forward 
   Center                   Wing                     Time % Phy DF OF 
 1 Drew Shore               Lauri Tukonen            60     1   2  2  
 2 Sergey Kalinin           Matt Halischuk           40     1   2  2  

Penalty Kill 4 Players Defense
   Defense                  Defense                  Time % Phy DF OF 
 1 Martin Marincin          Matt Taormina            60     1   2  2  
 2 Brandon Gormley          Patrick Wey              40     1   2  2  

Penalty Kill - 3 Players Forward 
   Forward                                           Time % Phy DF OF 
 1 Sergey Kalinin                                    60     1   2  2  
 2 Brock Trotter                                     40     1   2  2  

Penalty Kill - 3 Players Defense
   Defense                  Defense                  Time % Phy DF OF 
 1 Matt Taormina            Brandon Gormley          60     1   2  2  
 2 Martin Marincin          Patrick Wey              40     1   2  2  

4 vs 4 Forward 
   Center                   Wing                     Time % Phy DF OF 
 1 Nick Bjugstad            Filip Forsberg           60     1   2  2  
 2 Drew Shore               Jason Zucker             40     1   2  2  

4 vs 4 Defense
   Defense                  Defense                  Time % Phy DF OF 
 1 Brandon Gormley          Patrick Wey              60     1   2  2  
 2 Nick Leddy               Martin Marincin          40     1   2  2  

Last Minutes Offensive
   Center                   Left Wing                Right Wing               Defense                  Defense                  
   Drew Shore               Filip Forsberg           Jason Akeson             Brandon Gormley          Nick Leddy               

Last Minutes Defensive
   Center                   Left Wing                Right Wing               Defense                  Defense                  
   Drew Shore               Filip Forsberg           Matt Halischuk           Martin Marincin          Matt Taormina            

Goaltenders
Starting : Corey Crawford           
Backup : Joonas Korpisalo         

Extra Forwards
Normal : Jason Zucker, Petr Straka, Teemu Hartikainen - PP : Jason Zucker, Melker Karlsson - PK : Teemu Hartikainen
Extra Defensemen
Normal : Brandon Gormley, Slava Voynov, Nick Leddy - PP : Brandon Gormley - PK : Nick Leddy, Slava Voynov
Penalty Shots
Jason Akeson, Jason Zucker, Nick Leddy, Filip Forsberg, Lauri Tukonen

Scratches
Andy Andreoff (Healthy), T.J. Tynan (Healthy), Nicolas Deslauriers (Healthy), Ty Rattie (Healthy), Joey Laleggia (Healthy)
Andrew Campbell (Healthy), Jack Campbell (Healthy)

Staline

5 vs 5 Forward 
   Center                   Left Wing                Right Wing               Time % Phy DF OF 
 1 Lars Eller               Nick Spaling             Tyler Pitlick            40     1   2  2  
 2 David Desharnais         Brock Nelson             Jordan Caron             30     1   2  2  
 3 Marek Zagrapan           James Sheppard           Jordan Szwarz            20     1   2  2  
 4 Corey Trivino            Bryan Bickell            Danny Kristo             10     1   2  2  

5 vs 5 Defense 
   Defense                  Defense                                           Time % Phy DF OF 
 1 Dustin Kohn              Philip Larsen                                     40     1   2  2  
 2 Viktor Loov              Mike Reilly                                       30     1   2  2  
 3 Andrey Pedan             Nikita Nesterov                                   20     1   2  2  
 4 David Musil              Dustin Kohn                                       10     1   2  2  

PowerPlay Forward 
   Center                   Left Wing                Right Wing               Time % Phy DF OF 
 1 Lars Eller               Nick Spaling             Tyler Pitlick            60     1   2  2  
 2 David Desharnais         Brock Nelson             Jordan Caron             40     1   2  2  

PowerPlay Defense
   Defense                  Defense                                           Time % Phy DF OF 
 1 Dustin Kohn              Philip Larsen                                     60     1   2  2  
 2 Viktor Loov              Mike Reilly                                       40     1   2  2  

Penalty Kill 4 Players Forward 
   Center                   Wing                     Time % Phy DF OF 
 1 Nick Spaling             Brock Nelson             60     1   2  2  
 2 Lars Eller               David Desharnais         40     1   2  2  

Penalty Kill 4 Players Defense
   Defense                  Defense                  Time % Phy DF OF 
 1 Dustin Kohn              Philip Larsen            60     1   2  2  
 2 Viktor Loov              Mike Reilly              40     1   2  2  

Penalty Kill - 3 Players Forward 
   Forward                                           Time % Phy DF OF 
 1 Nick Spaling                                      60     1   2  2  
 2 Brock Nelson                                      40     1   2  2  

Penalty Kill - 3 Players Defense
   Defense                  Defense                  Time % Phy DF OF 
 1 Dustin Kohn              Philip Larsen            60     1   2  2  
 2 Viktor Loov              Mike Reilly              40     1   2  2  

4 vs 4 Forward 
   Center                   Wing                     Time % Phy DF OF 
 1 Nick Spaling             Brock Nelson             60     1   2  2  
 2 Lars Eller               David Desharnais         40     1   2  2  

4 vs 4 Defense
   Defense                  Defense                  Time % Phy DF OF 
 1 Dustin Kohn              Philip Larsen            60     1   2  2  
 2 Viktor Loov              Mike Reilly              40     1   2  2  

Last Minutes Offensive
   Center                   Left Wing                Right Wing               Defense                  Defense                  
   Lars Eller               Nick Spaling             Tyler Pitlick            Dustin Kohn              Philip Larsen            

Last Minutes Defensive
   Center                   Left Wing                Right Wing               Defense                  Defense                  
   Lars Eller               Nick Spaling             Tyler Pitlick            Dustin Kohn              Philip Larsen            

Goaltenders
Starting : Allen York               
Backup : Darcy Kuemper            

Extra Forwards
Normal : Peter Holland, Jiri Sekac, Charles Hudon - PP : Peter Holland, Jiri Sekac - PK : Charles Hudon
Extra Defensemen
Normal : Andrey Pedan, Nikita Nesterov, David Musil - PP : Andrey Pedan - PK : Nikita Nesterov, David Musil
Penalty Shots
Nick Spaling, Brock Nelson, Lars Eller, David Desharnais, Tyler Pitlick

Scratches
Stu Bickel (Right Ankle Injury), Joni Ortio (Healthy), Sean Maguire (Healthy)

% Time on Ice - Sasquatch

Lines # - Real PCT - Wanted PCT - Time Play
Normal Forward
1 - 36% - 40% - 18:39
2 - 28% - 30% - 14:39
3 - 20% - 20% - 10:39
4 - 16% - 10% - 8:20
Normal Defense
1 - 39% - 40% - 20:17
2 - 30% - 30% - 15:43
3 - 23% - 20% - 12:05
4 - 8% - 10% - 4:12
PP Forward
1 - 61% - 60% - 1:58
2 - 39% - 40% - 1:17
PP Defense
1 - 62% - 60% - 2:01
2 - 38% - 40% - 1:14
PK Forward
1 - 92% - 60% - 4:06
2 - 8% - 40% - 0:22
PK Defense
1 - 68% - 60% - 3:01
2 - 32% - 40% - 1:27
PK3 Forward
1 - 0% - 60%
2 - 0% - 40%
PK3 Defense
1 - 0% - 60%
2 - 0% - 40%
44 Forward
1 - 0% - 60%
2 - 0% - 40%
44 Defense
1 - 0% - 60%
2 - 0% - 40%
Last Minute Offensive  - 0:00
Last Minute Defensive  - 0:00
Total
Forward - 60:00
Defense - 60:00

% Time on Ice - Staline

Lines # - Real PCT - Wanted PCT - Time Play
Normal Forward
1 - 35% - 40% - 18:19
2 - 26% - 30% - 13:47
3 - 23% - 20% - 11:49
4 - 16% - 10% - 8:22
Normal Defense
1 - 38% - 40% - 19:43
2 - 29% - 30% - 14:56
3 - 25% - 20% - 13:03
4 - 9% - 10% - 4:35
PP Forward
1 - 61% - 60% - 2:44
2 - 39% - 40% - 1:44
PP Defense
1 - 65% - 60% - 2:54
2 - 35% - 40% - 1:34
PK Forward
1 - 81% - 60% - 2:38
2 - 19% - 40% - 0:37
PK Defense
1 - 62% - 60% - 2:00
2 - 38% - 40% - 1:15
PK3 Forward
1 - 0% - 60%
2 - 0% - 40%
PK3 Defense
1 - 0% - 60%
2 - 0% - 40%
44 Forward
1 - 0% - 60%
2 - 0% - 40%
44 Defense
1 - 0% - 60%
2 - 0% - 40%
Last Minute Offensive  - 0:00
Last Minute Defensive  - 0:00
Total
Forward - 60:00
Defense - 60:00

Play by Play

1st period


0:01 of 1st period - Lars Eller wins face-off versus Drew Shore in neutral zone.
0:11 of 1st period - Off-side.
0:12 of 1st period - Nick Bjugstad wins face-off versus Jordan Caron in neutral zone.
0:38 of 1st period - Matt Taormina is hit by Viktor Loov.
1:30 of 1st period - Wrist shot by Jordan Szwarz.
1:30 of 1st period - Stopped by Corey Crawford with a rebound.
1:32 of 1st period - Snap shot by James Sheppard.
1:32 of 1st period - Stopped by Corey Crawford with a rebound.
1:34 of 1st period - Snap shot by Jordan Szwarz.
1:34 of 1st period - Shot Misses the Net.
2:06 of 1st period - Wrist shot by James Sheppard.
2:06 of 1st period - Goal by James Sheppard - Sasquatch : 0 - Staline : 1.
2:07 of 1st period - Lars Eller wins face-off versus Nick Bjugstad in neutral zone.
2:09 of 1st period - Off-side.
2:10 of 1st period - Tyler Pitlick wins face-off versus Matt Halischuk in neutral zone.
2:44 of 1st period - Off-side.
2:45 of 1st period - Lars Eller wins face-off versus Drew Shore in neutral zone.
3:10 of 1st period - David Desharnais is hit by Lauri Tukonen and loses puck.
3:21 of 1st period - Snap shot by Brock Trotter.
3:21 of 1st period - Shot Misses the Net.
3:37 of 1st period - Danny Kristo is hit by Nick Bjugstad and loses puck.
3:52 of 1st period - Wrist shot by Lars Eller.
3:52 of 1st period - Shot Blocked by Sergey Kalinin.
4:50 of 1st period - Slapshot by Danny Kristo.
4:50 of 1st period - Shot Blocked by Patrick Wey.
4:58 of 1st period - Slapshot by Nick Leddy.
4:58 of 1st period - Deflect By Jason Zucker.
4:58 of 1st period - Shot Blocked by Corey Trivino.
4:58 of 1st period - Puck is out of play.
4:59 of 1st period - Drew Shore wins face-off versus Nick Spaling in Staline zone.
5:06 of 1st period - Slapshot by Dustin Kohn.
5:06 of 1st period - Deflect By Drew Shore.
5:06 of 1st period - Stopped by Corey Crawford without a rebound.
5:07 of 1st period - Drew Shore wins face-off versus Lars Eller in Sasquatch zone.
5:07 of 1st period - Drew Shore is hit by Philip Larsen.
5:36 of 1st period - Snap shot by Filip Forsberg.
5:36 of 1st period - Stopped by Allen York without a rebound.
5:37 of 1st period - David Desharnais wins face-off versus Nick Bjugstad in Staline zone.
5:44 of 1st period - Snap shot by David Desharnais.
5:44 of 1st period - Stopped by Corey Crawford with a rebound.
7:35 of 1st period - Slapshot by Danny Kristo.
7:35 of 1st period - Shot Misses the Net.
8:09 of 1st period - Snap shot by Jason Zucker.
8:09 of 1st period - Deflect By Philip Larsen.
8:09 of 1st period - Stopped by Allen York with a rebound.
8:11 of 1st period - Snap shot by Nick Bjugstad.
8:11 of 1st period - Shot Blocked by Dustin Kohn.
9:04 of 1st period - Off-side.
9:05 of 1st period - Lars Eller wins face-off versus Nick Bjugstad in neutral zone.
9:27 of 1st period - Martin Marincin is hit by Andrey Pedan and loses puck.
10:06 of 1st period - Wrist shot by Nick Spaling.
10:06 of 1st period - Stopped by Corey Crawford with a rebound.
10:14 of 1st period - Wrist shot by Jason Zucker.
10:14 of 1st period - Shot Misses the Net.
10:16 of 1st period - Wrist shot by Martin Marincin.
10:16 of 1st period - Stopped by Allen York without a rebound.
10:17 of 1st period - David Desharnais wins face-off versus Drew Shore in Staline zone.
11:13 of 1st period - Snap shot by Bryan Bickell.
11:13 of 1st period - Shot Misses the Net.
11:44 of 1st period - Lauri Tukonen is hit by Dustin Kohn and loses puck.
12:03 of 1st period - Patrick Wey is hit by Viktor Loov and loses puck.
12:26 of 1st period - Snap shot by Bryan Bickell.
12:26 of 1st period - Stopped by Corey Crawford without a rebound.
12:27 of 1st period - Corey Trivino wins face-off versus Drew Shore in Sasquatch zone.
12:28 of 1st period - Slapshot by Dustin Kohn.
12:28 of 1st period - Goal by Dustin Kohn - Sasquatch : 0 - Staline : 2.
12:29 of 1st period - Jason Akeson wins face-off versus Lars Eller in neutral zone.
13:24 of 1st period - Slapshot by Brock Trotter.
13:24 of 1st period - Stopped by Allen York with a rebound.
13:26 of 1st period - Snap shot by Slava Voynov.
13:26 of 1st period - Stopped by Allen York with a rebound.
13:28 of 1st period - Snap shot by Melker Karlsson.
13:28 of 1st period - Shot Misses the Net.
14:01 of 1st period - Off-side.
14:02 of 1st period - Drew Shore wins face-off versus Lars Eller in neutral zone.
14:08 of 1st period - Off-side.
14:09 of 1st period - Drew Shore wins face-off versus Lars Eller in neutral zone.
15:02 of 1st period - Snap shot by Sergey Kalinin.
15:02 of 1st period - Stopped by Allen York without a rebound.
15:03 of 1st period - Sergey Kalinin wins face-off versus Lars Eller in Staline zone.
15:09 of 1st period - Snap shot by Teemu Hartikainen.
15:09 of 1st period - Shot Misses the Net.
15:51 of 1st period - Slapshot by Corey Trivino.
15:51 of 1st period - Shot Misses the Net.
16:19 of 1st period - Slapshot by Brock Trotter.
16:19 of 1st period - Shot Misses the Net.
16:43 of 1st period - Wrist shot by Teemu Hartikainen.
16:43 of 1st period - Stopped by Allen York with a rebound.
17:05 of 1st period - Backhand shot by Nick Spaling.
17:05 of 1st period - Stopped by Corey Crawford with a rebound.
17:27 of 1st period - Icing by Jordan Szwarz.
17:28 of 1st period - Nick Bjugstad wins face-off versus Marek Zagrapan in Staline zone.
17:29 of 1st period - Wrist shot by Matt Halischuk.
17:29 of 1st period - Shot Blocked by Mike Reilly.
17:37 of 1st period - Wrist shot by Jordan Szwarz.
17:37 of 1st period - Stopped by Corey Crawford without a rebound.
17:38 of 1st period - David Desharnais wins face-off versus Nick Bjugstad in Sasquatch zone.
17:39 of 1st period - Slapshot by Dustin Kohn.
17:39 of 1st period - Stopped by Corey Crawford with a rebound.
17:54 of 1st period - Wrist shot by Nick Bjugstad.
17:54 of 1st period - Deflect By Jason Zucker.
17:54 of 1st period - Stopped by Allen York with a rebound.
18:00 of 1st period - Snap shot by Nick Bjugstad.
18:00 of 1st period - Shot Blocked by Brock Nelson.
18:02 of 1st period - Slapshot by Brandon Gormley.
18:02 of 1st period - Stopped by Allen York with a rebound.
18:12 of 1st period - Snap shot by Jason Zucker.
18:12 of 1st period - Shot Misses the Net.
18:14 of 1st period - Slapshot by Matt Taormina.
18:14 of 1st period - Deflect By Nick Bjugstad.
18:14 of 1st period - Stopped by Allen York with a rebound.
18:16 of 1st period - Snap shot by Matt Halischuk.
18:16 of 1st period - Goal by Matt Halischuk - Sasquatch : 1 - Staline : 2.
18:17 of 1st period - Lars Eller wins face-off versus Drew Shore in neutral zone.
18:26 of 1st period - Wrist shot by Nick Spaling.
18:26 of 1st period - Stopped by Corey Crawford without a rebound.
18:27 of 1st period - Lars Eller wins face-off versus Drew Shore in Sasquatch zone.
18:34 of 1st period - Snap shot by Tyler Pitlick.
18:34 of 1st period - Stopped by Corey Crawford with a rebound.
18:36 of 1st period - Wrist shot by Philip Larsen.
18:36 of 1st period - Stopped by Corey Crawford without a rebound.
18:37 of 1st period - Drew Shore wins face-off versus Lars Eller in Sasquatch zone.
18:37 of 1st period - Drew Shore is hit by Tyler Pitlick.
18:45 of 1st period - Wrist shot by Nick Leddy.
18:45 of 1st period - Stopped by Allen York without a rebound.
18:46 of 1st period - Jason Akeson wins face-off versus Lars Eller in Staline zone.
18:57 of 1st period - Dustin Kohn is hit by Drew Shore and loses puck.
19:12 of 1st period - Snap shot by Drew Shore.
19:12 of 1st period - Stopped by Allen York with a rebound.
19:14 of 1st period - Backhand shot by Nick Leddy.
19:14 of 1st period - Deflect By Filip Forsberg.
19:14 of 1st period - Shot Blocked by Dustin Kohn.
19:14 of 1st period - Puck is out of play.
19:15 of 1st period - Nick Bjugstad wins face-off versus David Desharnais in Staline zone.
19:18 of 1st period - Slapshot by Matt Halischuk.
19:18 of 1st period - Stopped by Allen York with a rebound.
19:22 of 1st period - Slapshot by Nick Bjugstad.
19:22 of 1st period - Stopped by Allen York with a rebound.
19:48 of 1st period - Snap shot by James Sheppard.
19:48 of 1st period - Deflect By Jordan Szwarz.
19:48 of 1st period - Stopped by Corey Crawford without a rebound.
19:49 of 1st period - Drew Shore wins face-off versus Tyler Pitlick in Sasquatch zone.
Goals for this period are 1 for Sasquatch vs 2 for Staline.
Shots for this period are 15 for Sasquatch vs 15 for Staline.

2nd period


0:01 of 2nd period - Drew Shore wins face-off versus Lars Eller in neutral zone.
0:56 of 2nd period - Snap shot by Marek Zagrapan.
0:56 of 2nd period - Stopped by Corey Crawford with a rebound.
0:58 of 2nd period - Snap shot by Viktor Loov.
0:58 of 2nd period - Shot Misses the Net.
1:00 of 2nd period - Snap shot by Jordan Szwarz.
1:00 of 2nd period - Shot Misses the Net.
1:02 of 2nd period - Wrist shot by Marek Zagrapan.
1:02 of 2nd period - Shot Blocked by Brock Trotter.
1:44 of 2nd period - Snap shot by Nick Spaling.
1:44 of 2nd period - Shot Hit the Post.
1:46 of 2nd period - Slapshot by Dustin Kohn.
1:46 of 2nd period - Shot Misses the Net.
1:50 of 2nd period - Wrist shot by Lars Eller.
1:50 of 2nd period - Shot Misses the Net.
2:03 of 2nd period - Wrist shot by Dustin Kohn.
2:03 of 2nd period - Shot Blocked by Brandon Gormley.
2:05 of 2nd period - Slapshot by Dustin Kohn.
2:05 of 2nd period - Stopped by Corey Crawford without a rebound.
2:06 of 2nd period - David Desharnais wins face-off versus Nick Bjugstad in Sasquatch zone.
2:17 of 2nd period - Slapshot by Brock Nelson.
2:17 of 2nd period - Stopped by Corey Crawford without a rebound.
2:18 of 2nd period - David Desharnais wins face-off versus Melker Karlsson in Sasquatch zone.
2:22 of 2nd period - Minor Penalty to Brock Trotter for Roughing.
2:23 of 2nd period - Drew Shore wins face-off versus Lars Eller in Sasquatch zone.
2:23 of 2nd period - Drew Shore is hit by Tyler Pitlick.
2:54 of 2nd period - Slapshot by Jordan Caron.
2:54 of 2nd period - Shot Blocked by Lauri Tukonen.
2:56 of 2nd period - Wrist shot by Brock Nelson.
2:56 of 2nd period - Deflect By Martin Marincin.
2:56 of 2nd period - Shot Blocked by Matt Taormina.
2:56 of 2nd period - Puck is out of play.
2:57 of 2nd period - Drew Shore wins face-off versus Lars Eller in Sasquatch zone.
3:10 of 2nd period - Snap shot by Tyler Pitlick.
3:10 of 2nd period - Shot Hit the Post.
3:12 of 2nd period - Wrist shot by Nick Spaling.
3:12 of 2nd period - Stopped by Corey Crawford with a rebound.
4:22 of 2nd period - Penalty to Brock Trotter is over, Brock Trotter is back on ice.
4:23 of 2nd period - David Desharnais is hit by Teemu Hartikainen and loses puck.
4:48 of 2nd period - Wrist shot by Brock Trotter.
4:48 of 2nd period - Stopped by Allen York with a rebound.
4:50 of 2nd period - Snap shot by Lauri Tukonen.
4:50 of 2nd period - Stopped by Allen York with a rebound.
5:12 of 2nd period - Wrist shot by Teemu Hartikainen.
5:12 of 2nd period - Deflect By Danny Kristo.
5:12 of 2nd period - Shot Misses the Net.
5:12 of 2nd period - Puck is out of play.
5:13 of 2nd period - Nick Bjugstad wins face-off versus Nick Spaling in Staline zone.
5:14 of 2nd period - Snap shot by Matt Halischuk.
5:14 of 2nd period - Shot Blocked by Viktor Loov.
5:20 of 2nd period - Snap shot by Nick Bjugstad.
5:20 of 2nd period - Stopped by Allen York without a rebound.
5:21 of 2nd period - Lars Eller wins face-off versus Nick Bjugstad in Staline zone.
5:30 of 2nd period - Slapshot by Tyler Pitlick.
5:30 of 2nd period - Deflect By Lars Eller.
5:30 of 2nd period - Shot Misses the Net.
5:30 of 2nd period - Puck is out of play.
5:31 of 2nd period - Drew Shore wins face-off versus Lars Eller in Sasquatch zone.
5:36 of 2nd period - Snap shot by Jason Akeson.
5:36 of 2nd period - Shot Misses the Net.
5:38 of 2nd period - Snap shot by Drew Shore.
5:38 of 2nd period - Shot Blocked by Tyler Pitlick.
5:40 of 2nd period - Snap shot by Filip Forsberg.
5:40 of 2nd period - Shot Blocked by Lars Eller.
5:42 of 2nd period - Wrist shot by Filip Forsberg.
5:42 of 2nd period - Shot Misses the Net.
5:44 of 2nd period - Wrist shot by Jason Akeson.
5:44 of 2nd period - Shot Blocked by Tyler Pitlick.
5:46 of 2nd period - Slapshot by Patrick Wey.
5:46 of 2nd period - Stopped by Allen York with a rebound.
5:56 of 2nd period - Matt Halischuk is hit by Philip Larsen and loses puck.
6:37 of 2nd period - Snap shot by Filip Forsberg.
6:37 of 2nd period - Stopped by Allen York without a rebound.
6:38 of 2nd period - Drew Shore wins face-off versus Corey Trivino in Staline zone.
6:49 of 2nd period - Slapshot by Filip Forsberg.
6:49 of 2nd period - Stopped by Allen York with a rebound.
7:02 of 2nd period - Icing by Bryan Bickell.
7:03 of 2nd period - Lars Eller wins face-off versus Melker Karlsson in Staline zone.
7:16 of 2nd period - Snap shot by Lars Eller.
7:16 of 2nd period - Stopped by Corey Crawford without a rebound.
7:17 of 2nd period - David Desharnais wins face-off versus Drew Shore in Sasquatch zone.
7:18 of 2nd period - Snap shot by Brock Nelson.
7:18 of 2nd period - Stopped by Corey Crawford with a rebound.
7:20 of 2nd period - Snap shot by Brock Nelson.
7:20 of 2nd period - Stopped by Corey Crawford with a rebound.
7:22 of 2nd period - Snap shot by Dustin Kohn.
7:22 of 2nd period - Deflect By Brock Nelson.
7:22 of 2nd period - Shot Blocked by Brandon Gormley.
7:22 of 2nd period - Puck is out of play.
7:23 of 2nd period - Drew Shore wins face-off versus Jordan Caron in Sasquatch zone.
7:23 of 2nd period - Drew Shore is hit by David Desharnais.
8:23 of 2nd period - Wrist shot by Teemu Hartikainen.
8:23 of 2nd period - Stopped by Allen York with a rebound.
9:08 of 2nd period - Snap shot by Jason Zucker.
9:08 of 2nd period - Shot Misses the Net.
9:40 of 2nd period - Sergey Kalinin is hit by James Sheppard and loses puck.
10:20 of 2nd period - Matt Halischuk is hit by Corey Trivino.
10:53 of 2nd period - Snap shot by Matt Taormina.
10:53 of 2nd period - Deflect By Lars Eller.
10:53 of 2nd period - Stopped by Allen York without a rebound.
10:54 of 2nd period - Sergey Kalinin wins face-off versus Lars Eller in Staline zone.
10:57 of 2nd period - Slapshot by Nick Leddy.
10:57 of 2nd period - Shot Blocked by Lars Eller.
11:25 of 2nd period - Wrist shot by Filip Forsberg.
11:25 of 2nd period - Shot Misses the Net.
11:27 of 2nd period - Snap shot by Drew Shore.
11:27 of 2nd period - Shot Misses the Net.
11:29 of 2nd period - Slapshot by Patrick Wey.
11:29 of 2nd period - Deflect By Drew Shore.
11:29 of 2nd period - Shot Misses the Net.
11:29 of 2nd period - Puck is out of play.
11:30 of 2nd period - Nick Bjugstad wins face-off versus Marek Zagrapan in Staline zone.
11:39 of 2nd period - Snap shot by Marek Zagrapan.
11:39 of 2nd period - Shot Blocked by Jason Zucker.
11:41 of 2nd period - Slapshot by Mike Reilly.
11:41 of 2nd period - Shot Blocked by Nick Bjugstad.
11:43 of 2nd period - Slapshot by Marek Zagrapan.
11:43 of 2nd period - Shot Misses the Net.
11:45 of 2nd period - Wrist shot by Jordan Szwarz.
11:45 of 2nd period - Goal by Jordan Szwarz - Sasquatch : 1 - Staline : 3.
11:46 of 2nd period - Lars Eller wins face-off versus Drew Shore in neutral zone.
12:58 of 2nd period - Wrist shot by Dustin Kohn.
12:58 of 2nd period - Stopped by Corey Crawford without a rebound.
12:59 of 2nd period - Marek Zagrapan wins face-off versus Melker Karlsson in Sasquatch zone.
13:02 of 2nd period - Snap shot by Jordan Szwarz.
13:02 of 2nd period - Stopped by Corey Crawford without a rebound.
13:03 of 2nd period - Marek Zagrapan wins face-off versus Drew Shore in Sasquatch zone.
13:28 of 2nd period - Slava Voynov is hit by Lars Eller and loses puck.
13:41 of 2nd period - Slapshot by Lars Eller.
13:41 of 2nd period - Shot Misses the Net.
14:31 of 2nd period - Off-side.
14:32 of 2nd period - Sergey Kalinin wins face-off versus Lars Eller in neutral zone.
14:39 of 2nd period - Wrist shot by Sergey Kalinin.
14:39 of 2nd period - Shot Misses the Net.
14:43 of 2nd period - Wrist shot by Teemu Hartikainen.
14:43 of 2nd period - Stopped by Allen York with a rebound.
14:45 of 2nd period - Slapshot by Nick Leddy.
14:45 of 2nd period - Stopped by Allen York with a rebound.
14:57 of 2nd period - Filip Forsberg is hit by David Desharnais.
15:03 of 2nd period - Snap shot by David Desharnais.
15:03 of 2nd period - Stopped by Corey Crawford with a rebound.
15:19 of 2nd period - Wrist shot by Marek Zagrapan.
15:19 of 2nd period - Shot Blocked by Jason Zucker.
15:21 of 2nd period - Backhand shot by Dustin Kohn.
15:21 of 2nd period - Stopped by Corey Crawford with a rebound.
15:42 of 2nd period - Nikita Nesterov is hit by Lauri Tukonen and loses puck.
16:03 of 2nd period - Sergey Kalinin is hit by Nikita Nesterov and loses puck.
17:51 of 2nd period - Wrist shot by Filip Forsberg.
17:51 of 2nd period - Shot Misses the Net.
18:13 of 2nd period - Wrist shot by Nick Bjugstad.
18:13 of 2nd period - Stopped by Allen York with a rebound.
18:25 of 2nd period - Marek Zagrapan is hit by Melker Karlsson and loses puck.
18:34 of 2nd period - Snap shot by Melker Karlsson.
18:34 of 2nd period - Goal by Melker Karlsson - Sasquatch : 2 - Staline : 3.
18:35 of 2nd period - Lars Eller wins face-off versus Drew Shore in neutral zone.
18:49 of 2nd period - Snap shot by Jason Akeson.
18:49 of 2nd period - Shot Misses the Net.
18:51 of 2nd period - Wrist shot by Drew Shore.
18:51 of 2nd period - Stopped by Allen York without a rebound.
18:52 of 2nd period - David Desharnais wins face-off versus Nick Bjugstad in Staline zone.
19:17 of 2nd period - Lars Eller is hit by Filip Forsberg and loses puck.
Goals for this period are 1 for Sasquatch vs 1 for Staline.
Shots for this period are 13 for Sasquatch vs 12 for Staline.

3rd period


0:01 of 3rd period - Lars Eller wins face-off versus Drew Shore in neutral zone.
0:35 of 3rd period - Snap shot by Jordan Caron.
0:35 of 3rd period - Stopped by Corey Crawford without a rebound.
0:36 of 3rd period - Marek Zagrapan wins face-off versus Drew Shore in Sasquatch zone.
0:41 of 3rd period - Wrist shot by Jordan Szwarz.
0:41 of 3rd period - Stopped by Corey Crawford with a rebound.
0:43 of 3rd period - Minor Penalty to Nick Leddy for Kneeing.
0:44 of 3rd period - Drew Shore wins face-off versus Lars Eller in Sasquatch zone.
0:49 of 3rd period - Slapshot by Matt Taormina.
0:49 of 3rd period - Stopped by Allen York without a rebound.
0:50 of 3rd period - Lars Eller wins face-off versus Drew Shore in Staline zone.
0:59 of 3rd period - Wrist shot by Lars Eller.
0:59 of 3rd period - Deflect By Nick Spaling.
0:59 of 3rd period - Shot Misses the Net.
0:59 of 3rd period - Puck is out of play.
1:00 of 3rd period - Lars Eller wins face-off versus Drew Shore in Sasquatch zone.
1:13 of 3rd period - Wrist shot by Lars Eller.
1:13 of 3rd period - Goal by Lars Eller - Sasquatch : 2 - Staline : 4.
1:14 of 3rd period - Jason Akeson wins face-off versus Lars Eller in neutral zone.
1:23 of 3rd period - Wrist shot by Jason Akeson.
1:23 of 3rd period - Stopped by Allen York with a rebound.
2:24 of 3rd period - Snap shot by Danny Kristo.
2:24 of 3rd period - Shot Misses the Net.
2:40 of 3rd period - Slapshot by Jason Akeson.
2:40 of 3rd period - Shot Misses the Net.
3:28 of 3rd period - Wrist shot by Lauri Tukonen.
3:28 of 3rd period - Shot Blocked by James Sheppard.
3:30 of 3rd period - Slapshot by Lauri Tukonen.
3:30 of 3rd period - Stopped by Allen York with a rebound.
3:32 of 3rd period - Slapshot by Patrick Wey.
3:32 of 3rd period - Stopped by Allen York without a rebound.
3:33 of 3rd period - Drew Shore wins face-off versus Lars Eller in Staline zone.
3:59 of 3rd period - Slava Voynov is hit by David Desharnais and loses puck.
5:01 of 3rd period - Snap shot by Nick Bjugstad.
5:01 of 3rd period - Goal by Nick Bjugstad - Sasquatch : 3 - Staline : 4.
5:02 of 3rd period - Lars Eller wins face-off versus Jason Akeson in neutral zone.
5:11 of 3rd period - Snap shot by Jason Akeson.
5:11 of 3rd period - Stopped by Allen York without a rebound.
5:12 of 3rd period - Drew Shore wins face-off versus Lars Eller in Staline zone.
5:23 of 3rd period - Wrist shot by Drew Shore.
5:23 of 3rd period - Stopped by Allen York without a rebound.
5:24 of 3rd period - Lars Eller wins face-off versus Drew Shore in Staline zone.
6:06 of 3rd period - Minor Penalty to Jordan Szwarz for Slashing.
6:07 of 3rd period - Nick Spaling wins face-off versus Drew Shore in Staline zone.
6:16 of 3rd period - Philip Larsen is hit by Filip Forsberg and loses puck.
6:21 of 3rd period - Snap shot by Jason Akeson.
6:21 of 3rd period - Stopped by Allen York without a rebound.
6:22 of 3rd period - Drew Shore wins face-off versus Brock Nelson in Staline zone.
6:53 of 3rd period - Slapshot by Brandon Gormley.
6:53 of 3rd period - Shot Blocked by Philip Larsen.
8:06 of 3rd period - Penalty to Jordan Szwarz is over, Jordan Szwarz is back on ice.
8:16 of 3rd period - Wrist shot by James Sheppard.
8:16 of 3rd period - Shot Misses the Net.
9:13 of 3rd period - Snap shot by James Sheppard.
9:13 of 3rd period - Deflect By Jordan Szwarz.
9:13 of 3rd period - Stopped by Corey Crawford without a rebound.
9:14 of 3rd period - Nick Bjugstad wins face-off versus Marek Zagrapan in Sasquatch zone.
9:14 of 3rd period - Nick Bjugstad is hit by James Sheppard.
9:24 of 3rd period - Wrist shot by Matt Halischuk.
9:24 of 3rd period - Shot Misses the Net.
9:36 of 3rd period - Slapshot by Dustin Kohn.
9:36 of 3rd period - Stopped by Corey Crawford with a rebound.
9:38 of 3rd period - Snap shot by Marek Zagrapan.
9:38 of 3rd period - Stopped by Corey Crawford without a rebound.
9:39 of 3rd period - Lars Eller wins face-off versus Drew Shore in Sasquatch zone.
9:56 of 3rd period - Jason Akeson is hit by Lars Eller and loses puck.
10:10 of 3rd period - Off-side.
10:11 of 3rd period - David Desharnais wins face-off versus Melker Karlsson in neutral zone.
10:13 of 3rd period - Dustin Kohn is hit by Patrick Wey.
10:21 of 3rd period - Slapshot by Brock Trotter.
10:21 of 3rd period - Deflect By Melker Karlsson.
10:21 of 3rd period - Stopped by Allen York with a rebound.
10:37 of 3rd period - Tyler Pitlick is hit by Jason Akeson and loses puck.
11:27 of 3rd period - Slapshot by Teemu Hartikainen.
11:27 of 3rd period - Stopped by Allen York with a rebound.
11:29 of 3rd period - Wrist shot by Sergey Kalinin.
11:29 of 3rd period - Stopped by Allen York without a rebound.
11:30 of 3rd period - Lars Eller wins face-off versus Drew Shore in Staline zone.
11:30 of 3rd period - Lars Eller is hit by Filip Forsberg.
11:36 of 3rd period - Wrist shot by Lars Eller.
11:36 of 3rd period - Stopped by Corey Crawford without a rebound.
11:37 of 3rd period - Lars Eller wins face-off versus Drew Shore in Sasquatch zone.
11:43 of 3rd period - Minor Penalty to Drew Shore for Holding.
11:44 of 3rd period - Lars Eller wins face-off versus Teemu Hartikainen in Sasquatch zone.
11:56 of 3rd period - Slapshot by Dustin Kohn.
11:56 of 3rd period - Stopped by Corey Crawford with a rebound.
11:58 of 3rd period - Slapshot by Philip Larsen.
11:58 of 3rd period - Stopped by Corey Crawford without a rebound.
11:59 of 3rd period - Lauri Tukonen wins face-off versus Lars Eller in Sasquatch zone.
11:59 of 3rd period - Lauri Tukonen is hit by Lars Eller.
12:37 of 3rd period - Sergey Kalinin is hit by Nick Spaling and loses puck.
13:43 of 3rd period - Penalty to Drew Shore is over, Drew Shore is back on ice.
13:47 of 3rd period - Drew Shore is hit by Brock Nelson and loses puck.
15:03 of 3rd period - Dustin Kohn is hit by Matt Halischuk and loses puck.
15:22 of 3rd period - Andrey Pedan is hit by Jason Akeson and loses puck.
15:57 of 3rd period - Melker Karlsson is hit by Danny Kristo and loses puck.
16:06 of 3rd period - Wrist shot by Danny Kristo.
16:06 of 3rd period - Shot Misses the Net.
16:18 of 3rd period - Slapshot by Brandon Gormley.
16:18 of 3rd period - Shot Misses the Net.
16:39 of 3rd period - Dustin Kohn is hit by Sergey Kalinin and loses puck.
16:52 of 3rd period - Nick Bjugstad is hit by James Sheppard and loses puck.
17:33 of 3rd period - Bryan Bickell is hit by Brock Trotter and loses puck.
17:50 of 3rd period - Snap shot by Filip Forsberg.
17:50 of 3rd period - Stopped by Allen York with a rebound.
17:52 of 3rd period - Slapshot by Nick Leddy.
17:52 of 3rd period - Shot Blocked by Bryan Bickell.
17:54 of 3rd period - Snap shot by Drew Shore.
17:54 of 3rd period - Shot Blocked by Philip Larsen.
18:02 of 3rd period - Snap shot by Dustin Kohn.
18:02 of 3rd period - Shot Blocked by Slava Voynov.
18:04 of 3rd period - Slapshot by Dustin Kohn.
18:04 of 3rd period - Deflect By Danny Kristo.
18:04 of 3rd period - Shot Misses the Net.
18:04 of 3rd period - Puck is out of play.
18:05 of 3rd period - Nick Bjugstad wins face-off versus Lars Eller in Sasquatch zone.
18:21 of 3rd period - Wrist shot by Nick Spaling.
18:21 of 3rd period - Goal by Nick Spaling - Sasquatch : 3 - Staline : 5.
18:22 of 3rd period - Melker Karlsson wins face-off versus Nick Spaling in neutral zone.
18:25 of 3rd period - Nick Spaling is hit by Brock Trotter.
18:43 of 3rd period - Minor Penalty to Mike Reilly for Holding.
18:44 of 3rd period - Drew Shore wins face-off versus Nick Spaling in Staline zone.
19:22 of 3rd period - Wrist shot by Nick Bjugstad.
19:22 of 3rd period - Shot Misses the Net.
Goals for this period are 1 for Sasquatch vs 2 for Staline.
Shots for this period are 12 for Sasquatch vs 10 for Staline.